 Dungeon Crawl Stone Soup version 0.18.1-48-g4cf74bf (webtiles) character file.

3458 theElss the Destroyer (level 9, -10/51 HPs)
             Began as a High Elf Conjurer on July 29, 2016.
             Was a Believer of Vehumet.
             Hit by a large rock thrown by a cyclops (32 damage)
             ... on level 8 of the Dungeon.
             The game lasted 00:44:45 (10996 turns).

theElss the Destroyer (High Elf Conjurer)          Turns: 10996, Time: 00:44:48

Health: -10/51     AC:  7    Str:  9    XL:     9   Next: 78%
Magic:  6/24       EV: 16    Int: 20    God:    Vehumet [**....]
Gold:   161        SH:  0    Dex: 17    Spells: 4 memorised, 16 levels left

rFire  . . .     SeeInvis .     n - -3 dagger (curse)
rCold  . . .     Gourm    .     p - +2 robe {Archmagi}
rNeg   . . .     Faith    .     (no shield)
rPois  .         Spirit   .     j - +0 helmet (curse)
rElec  .         Dismiss  .     y - +0 cloak
rCorr  .         Reflect  .     P - +0 pair of gloves
SustAt .         Harm     .     (no boots)
MR     .....                    s - amulet of magic regeneration
Stlth  +++.......               (no ring)
                                e - ring of stealth

@: lethally poisoned (-10 -> -11), not resistant to hostile enchantments, fairly
stealthy
A: no striking features
a: Renounce Religion


You were on level 8 of the Dungeon.
You worshipped Vehumet.
Vehumet was pleased with you.
You were not hungry.

You visited 2 branches of the dungeon, and saw 10 of its levels.

You collected 317 gold pieces.
You spent 156 gold pieces at shops.

Inventory:

Hand Weapons
 d - a +1 dagger
 k - a +0 whip of flaming
 n - a cursed -3 dagger (weapon)
Armour
 a - a +1 robe
 j - a cursed +0 helmet (worn)
 p - a +2 robe of the Archmagi (worn)
 y - a +0 cloak (worn)
 P - a +0 pair of gloves (worn)
Magical Staves
 t - a cursed staff of poison {unknown}
 N - an uncursed staff of death {unknown}
Jewellery
 e - a ring of stealth (left hand)
 s - an amulet of magic regeneration (around neck)
Wands
 f - a wand of acid (3/15)
 w - a wand of polymorph (13/24)
 F - a wand of lightning (5/15)
 H - a wand of random effects (14/48)
 J - a wand of slowing (24/48)
Scrolls
 h - 2 scrolls of enchant armour
 o - 3 scrolls of identify
 r - a scroll of fear
 v - 3 scrolls of teleportation
 E - 3 scrolls of remove curse {unknown}
 G - 2 scrolls of immolation
 K - 2 scrolls of blinking
 O - a scroll of enchant weapon
Potions
 i - a potion of cancellation
 q - a potion of cure mutation {unknown}
 u - 2 potions of curing
 x - a potion of invisibility
 z - 3 potions of agility
 A - 2 potions of brilliance
 B - 2 potions of heal wounds
 C - a potion of flight
 I - 4 potions of haste {unknown}
 M - a potion of berserk rage {unknown}
Books
 b - a book of Conjurations

   Spells                             Type                      Level
   a - Magic Dart                     Conjuration                  1
   b - Searing Ray                    Conjuration                  2
   c - Dazzling Spray                 Conjuration/Hexes            3
   d - Fulminant Prism                Conjuration/Hexes            4
   e - Iskenderun's Mystic Blast      Conjuration                  4
   f - Iskenderun's Battlesphere      Conjuration/Charms           5
 D - a book of Transfigurations

   Spells                             Type                      Level
   a - Irradiate                      Conjuration/Transmutation    5
   b - Statue Form                    Transmutation/Earth          6
   c - Hydra Form                     Transmutation                6
   d - Dragon Form                    Transmutation                7
 L - a book of Enchantments

   Spells                             Type                      Level
   a - Cause Fear                     Hexes                        4
   b - Yara's Violent Unravelling     Hexes/Transmutation          5
   c - Silence                        Hexes/Air                    5
   d - Deflect Missiles               Charms/Air                   6
   e - Haste                          Charms                       6
   f - Discord                        Hexes                        8
Comestibles
 c - 9 bread rations
 g - 2 beef jerkies
 l - 3 fruits
 m - 3 meat rations
 Q - 3 chunks of flesh


   Skills:
 + Level 6.1 Dodging
 - Level 2.1 Stealth
 + Level 10.1 Spellcasting
 + Level 11.0 Conjurations


You had 16 spell levels left.
You knew the following spells:

 Your Spells              Type           Power        Failure   Level  Hunger
a - Magic Dart            Conj           ####         1%          1    None
b - Iskenderun's Battles  Conj/Chrm      #####...     21%         5    ####...
c - Searing Ray           Conj           ######       1%          2    None
d - Iskenderun's Mystic   Conj           ######..     1%          4    ##.....


Dungeon Overview and Level Annotations

Branches:
Dungeon (9/15)             Temple (1/1) D:6
   Lair: D:8-11         Orc: D:9-12

Altars:
Ashenzari
Cheibriados
Dithmenos
Elyvilon
Fedhas
Gozag
Kikubaaqudgha
Makhleb
Nemelex Xobeh
Okawaru
Pakellas
Qazlal
Ru
Sif Muna
Trog
Vehumet
Xom
Yredelemnul
Zin
The Shining One

Shops:
D:6 !=!**

Annotations:
D:4 Situis's ghost, novice DsFE
D:5 exclusions: sky beast and two-headed ogre
D:6 exclusion: shadow


Message History

The orb of energy misses the killer bee.
The killer bee misses you. The killer bee closely misses you.
Casting: Iskenderun's Mystic Blast
Confirm with . or Enter, or press ? or * to list all spells.
Aiming: Searing Ray
Press: ? - help, Shift-Dir - straight line, f/p - killer bee
Aim: a killer bee You feel a surge of power!
The searing ray hits the killer bee.
The killer bee is moderately wounded.
The killer bee stings you! The killer bee stings you.
The searing ray hits the killer bee.
The killer bee is almost dead.
You feel sick. The killer bee completely misses you. The killer bee stings you.
The searing ray hits the killer bee.
You kill the killer bee!
Vehumet accepts your kill.
You feel your power returning.
The cyclops throws a large rock.
The large rock hits you!!
Ouch! That really hurt!
You die...

#.#.#_..........................
#.#.#..#...#...#...#...#########
#.#.#...................########
##...####################......##
......# #.#.#####.## #...#.#
###.#.#####.## ......########
#........##.##
....>....C...#######.##.###.##.##
...C..##.###...†@..?.##.# #......
#.........##########.##)###.##.##
......##..##########........##.#
.......<.........>.....#######.##
######################## #...
####


You could see a cyclops.

Vanquished Creatures
  A hippogriff (D:9)
  Duvessa (D:5)
  A sky beast (D:9)
  2 ice beasts
  2 ogres
  2 orc warriors
  3 centaurs
  3 giant frogs
  2 big kobolds
  A gnoll sergeant (D:7)
  Dowan (D:5)
  A wyvern skeleton (D:7)
  A water moccasin skeleton (D:8)
  A scorpion (D:8)
  4 killer bees
  2 howler monkeys (D:8)
  4 wights (D:8)
  3 crimson imps
  A centaur zombie (D:7)
  A giant frog zombie (D:5)
  A giant frog skeleton (D:5)
  4 hounds
  2 jellies (D:6)
  A quasit (D:8)
  2 orc priests
  An iron imp (D:8)
  2 iguanas
  11 orc wizards
  5 worker ants
  A hound zombie (D:8)
  A hound skeleton (D:4)
  A worker ant zombie (D:7)
  8 gnolls
  2 howler monkey skeletons
  12 adders
  A shadow imp (D:7)
  2 oozes
  An adder skeleton (D:4)
  An adder zombie (D:5)
  4 worms
  2 dart slugs
  5 giant geckos
  24 orcs
  9 bats
  7 giant cockroaches
  5 goblins
  5 hobgoblins
  10 jackals
  2 quokkas
  A ball python (D:3)
  4 giant newts
  2 jackal skeletons
  10 kobolds
  2 quokka zombies
  7 rats
  A fungus (D:1)
196 creatures vanquished.

Vanquished Creatures (others)
  A quokka (D:5)
1 creature vanquished.

Grand Total: 197 creatures vanquished

Notes
Turn   | Place    | Note
--------------------------------------------------------------
     0 | D:1      | theElss the High Elf Conjurer began the quest for the Orb.
     0 | D:1      | Reached XP level 1. HP: 11/11 MP: 4/4
   350 | D:1      | Reached XP level 2. HP: 17/17 MP: 3/6
   382 | D:1      | Learned a level 2 spell: Searing Ray
   813 | D:1      | Reached skill level 5 in Conjurations
  1499 | D:2      | Reached XP level 3. HP: 21/21 MP: 0/8
  2378 | D:3      | Found an opulent altar of Gozag.
  2528 | D:3      | Reached XP level 4. HP: 27/27 MP: 5/9
  2534 | D:3      | Learned a level 4 spell: Iskenderun's Mystic Blast
  2746 | D:3      | Found an iron altar of Okawaru.
  2747 | D:3      | Noticed a big kobold
  2756 | D:3      | Killed a big kobold
  2756 | D:3      | Reached skill level 6 in Conjurations
  2756 | D:3      | Reached XP level 5. HP: 31/31 MP: 2/11
  3583 | D:4      | Reached XP level 6. HP: 22/36 MP: 4/13
  3599 | D:4      | Noticed Situis's ghost (novice DsFE)
  3951 | D:4      | Found a sparkling altar of Nemelex Xobeh.
  3973 | D:4      | Reached skill level 5 in Spellcasting
  4271 | D:4      | Reached skill level 7 in Conjurations
  4408 | D:5      | Entered Level 5 of the Dungeon
  4913 | D:5      | Noticed a sky beast
  4978 | D:5      | Noticed a two-headed ogre
  5368 | D:5      | Noticed Duvessa
  5368 | D:5      | Noticed Dowan
  5380 | D:5      | Killed Duvessa
  5380 | D:5      | Reached XP level 7. HP: 25/41 MP: 8/16
  5382 | D:5      | Killed Dowan
  5736 | D:5      | Learned a level 5 spell: Iskenderun's Battlesphere
  5744 | D:5      | Found a white marble altar of Elyvilon.
  6065 | D:5      | Reached skill level 8 in Conjurations
  7110 | D:6      | Found Turiely's General Store.
  7134 | D:6      | Noticed a shadow
  7257 | D:6      | Found Pocwout's Distillery.
  7261 | D:6      | Bought a potion of heal wounds for 65 gold pieces
  7261 | D:6      | Bought a potion of brilliance for 52 gold pieces
  7261 | D:6      | Bought a potion of flight for 39 gold pieces
  7264 | D:6      | Found Liaph's Jewellery Shoppe.
  7267 | D:6      | Reached XP level 8. HP: 33/46 MP: 15/19
  7325 | D:6      | Found a staircase to the Ecumenical Temple.
  7342 | Temple   | Entered the Ecumenical Temple
  7441 | Temple   | Became a worshipper of Vehumet
  7562 | D:6      | Found a shadowy altar of Dithmenos.
  7629 | D:6      | Found Suroebam's Assorted Antiques.
  7758 | D:6      | Found Caneluoss's Distillery.
  8075 | D:7      | Reached skill level 9 in Conjurations
  8413 | D:7      | Reached skill level 5 in Dodging
  8699 | D:7      | Reached * piety under Vehumet
  8699 | D:7      | Offered knowledge of Sandblast by Vehumet.
  8901 | D:7      | Reached XP level 9. HP: 37/51 MP: 14/22
  9488 | D:8      | Found a snail-covered altar of Cheibriados.
  9609 | D:8      | Reached skill level 10 in Conjurations
  9622 | D:8      | Found a basalt altar of Yredelemnul.
  9772 | D:8      | Found a glowing silver altar of Zin.
  9821 | D:8      | Noticed a cyclops
 10069 | D:8      | Offered knowledge of Shock by Vehumet.
 10073 | D:8      | Reached ** piety under Vehumet
 10284 | D:8      | Found a sacrificial altar of Ru.
 10284 | D:8      | Found an ancient bone altar of Kikubaaqudgha.
 10968 | D:9      | Reached skill level 10 in Spellcasting
 10978 | D:9      | Reached skill level 11 in Conjurations
 10996 | D:8      | Hit by a large rock thrown by a cyclops

Skill      XL: |  1  2  3  4  5  6  7  8  9 |
---------------+----------------------------+-----
Conjurations   | 5 6 7 8 9 11 | 11.0
Spellcasting   | 3 4 5 6 8 10 | 10.1
Dodging        | 3 4 5 6 |  6.1
Stealth        | |  2.1

Action                   |  1- 3 |  4- 6 |  7- 9 || total
-------------------------+-------+-------+-------++-------
Melee: Dagger            |    36 |       |       ||    36
 Cast: Magic Dart        |    91 |    80 |   198 ||   369
       Searing Ray       |     2 |    20 |    52 ||    74
       Iskenderun's Myst |       |       |    31 ||    31
  Use: Scroll            |     6 |     4 |     5 ||    15
  Eat: Chunk             |     5 |     7 |    20 ||    32
       Fruit             |       |       |     1 ||     1
Armor: Robe              |     3 |     1 |    15 ||    19
Dodge: Dodged            |    15 |    15 |    71 ||   101
